 Dungeon Crawl Stone Soup version 0.24.0-10-g970556be89 (webtiles) character file.

Game seed: 13805909112957739717, levelgen mode: deterministic

3 Sphyrna the Digger (level 1, 10/10 HPs)
             Began as a Gargoyle Earth Elementalist on Nov 4, 2019.
             Got out of the dungeon alive.
             The game lasted 00:01:22 (106 turns).

Sphyrna the Digger (Gargoyle Earth Elementalist)     Turns: 106, Time: 00:01:22

Health: 10/10      AC:  4    Str: 11    XL:     1   Next: 50%
Magic:  2/3        EV: 12    Int: 15    God:
Gold:   0          SH:  0    Dex: 10    Spells: 3/4 levels left

rFire    . . .     SeeInvis .   (no weapon)
rCold    . . .     Gourm    .   (no shield)
rNeg     + . .     Faith    .   c - +0 robe
rPois    ∞         Spirit   .   (no helmet)
rElec    +         Reflect  .   (no cloak)
rCorr    .         Harm     .   (no gloves)
MR       .....     Rnd*Tele +   (no boots)
Stlth    ++........             (no amulet)
HPRegen  0.03/turn              d - ring of teleportation (curse)
MPRegen  0.08/turn              (no ring)

@: no status effects
A: negative energy resistance 1, electricity resistance, unbreathing,
petrification resistance, rot immunity, AC +2
a: no special abilities


You escaped.
You were not hungry.

You visited 1 branch of the dungeon, and saw 1 of its levels.

Inventory:

Missiles
 b - 25 stones (quivered)
Armour
 c - a +0 robe (worn)
Jewellery
 d - a cursed ring of teleportation (left hand)
   (You found it on level 1 of the Dungeon)
Comestibles
 a - 4 chunks of flesh
 e - a ration {!d}


   Skills:
 + Level 0.3 Fighting
 - Level 1.5 Dodging
 - Level 2.1 Stealth
 + Level 2.0 Spellcasting
   Level 0.7 Transmutations
 * Level 3.8 Earth Magic


You had 3 spell levels left.
You knew the following spells:

 Your Spells              Type           Power        Failure   Level  Hunger
a - Sandblast             Erth           ##....       4%          1    #......

Your spell library contained the following spells:

 Spells                   Type           Power        Failure   Level  Hunger
 Passwall                 Tmut/Erth      #.......     13%         2    ###....
 Stone Arrow              Conj/Erth      #.....       30%         3    ###....
 Petrify                  Tmut/Erth      #.......     65%         4    #####..
 Lee's Rapid Deconstruct  Erth           ##........   78%         5    ######.


Dungeon Overview and Level Annotations

Branches:
Dungeon (1/15)

Altars:


Innate Abilities, Weirdness & Mutations

You are resistant to torment.
Your stone body is resilient. (AC +2)
You are immune to poison.
You resist negative energy. (rN+)
You are resistant to electric shocks. (rElec)
You can survive without breathing.
You are immune to petrification.
You are immune to rotting.


Message History

Aim: a giant cockroach The blast of sand hits the giant cockroach but does no damage.
b - 28 stones The giant cockroach bites you but does no damage.
Aim: a giant cockroach The blast of sand misses the giant cockroach.
b - 27 stones The giant cockroach barely misses you.
The giant cockroach misses you.
You don't have enough magic to cast that spell.
You don't have enough magic to cast that spell.
You hit the giant cockroach.
The giant cockroach bites you but does no damage.
The giant cockroach closely misses you.
Found a stone staircase leading down.
A dart slug comes into view.
Found a leather armour.
The giant cockroach bites you but does no damage.
The giant cockroach misses you. The dart slug barely misses you.
Found a purple potion.
The giant cockroach bites you but does no damage.
A frilled lizard comes into view.
The frilled lizard hisses angrily.
The giant cockroach bites you but does no damage.
The frilled lizard closely misses you.
You open the door. The goblin hits you with a +0 club.
The giant cockroach bites you but does no damage.
The frilled lizard barely misses you. The giant cockroach closely misses you.
There is an open door here.
You feel strangely unstable.
You are suddenly yanked towards a nearby monster!
Your surroundings suddenly seem different.
A goblin comes into view.
The goblin shouts!
Found 22 stones, 10 gold pieces and a dagger.
Aim: a goblin The blast of sand misses the goblin.
b - 26 stones
Aim: a goblin The blast of sand hits the goblin.
You kill the goblin!
b - 25 stones You see here a goblin corpse.
You butcher the goblin corpse.
a - 4 chunks of flesh (gained 3)
You see here a goblin skeleton.
There is a staircase leading out of the dungeon here.
Are you sure you want to leave the Dungeon?
This will make you lose the game!
You have escaped!

...# ...# ...### .
.gl'.###....
.ws#........
...#########+#######
...# ..#.....# ...#
#.#.###.# ...#
#.#.#@#.# ...#
#.#.#.#.# .....#
#### #.#.#..^#
......## #.#.#####
........ #.......#
.......
#.###########....#
#......÷....#....#
#.#######.#.#....#
#..÷....#.#......#


There were no monsters in sight!

Vanquished Creatures
  2 goblins (D:1)
  A bat (D:1)
3 creatures vanquished.

Notes
Turn   | Place    | Note
-------+----------+-------------------------------------------
     0 | D:1      | Sphyrna the Gargoyle Earth Elementalist began the quest for
                  | the Orb.
     0 | D:1      | Reached XP level 1. HP: 10/10 MP: 3/3
   106 | D:$      | Got out of the dungeon alive.

Levels and vault maps discovered:
D:1:      matt_arrival_spirals, layout_basic, minmay_misc_feat_roman

Action                   || total
-------------------------++-------
Melee: Unarmed           ||     9
 Cast: Sandblast         ||     5
Armor: Robe              ||    11
Dodge: Dodged            ||    21
